 Dungeon Crawl Stone Soup version 0.18.1-5-g4a78601 (webtiles) character file.

70 Heskey the Skirmisher (level 4, -2/41 HPs)
             Began as a Minotaur Fighter on May 13, 2016.
             Slain by Sigmund
             ... wielding a +0 scythe
              (14 damage)
             ... on level 3 of the Dungeon.
             The game lasted 00:01:24 (1515 turns).

Heskey the Skirmisher (Minotaur Fighter)            Turns: 1515, Time: 00:01:25

Health: -2/41      AC:  7    Str: 22    XL:     4   Next: 3%
Magic:  3/3        EV:  7    Int:  5    God:
Gold:   130        SH:  9    Dex:  9    Spells: 0 memorised, 3 levels left

rFire  . . .     SeeInvis .     a - +0 long sword
rCold  . . .     Gourm    .     b - +0 scale mail
rNeg   . . .     Faith    .     c - +0 shield
rPois  .         Spirit   .     (helmet restricted)
rElec  .         Dismiss  .     (no cloak)
rCorr  .         Reflect  .     (no gloves)
SustAt .         Harm     .     (no boots)
MR     .....                    (no amulet)
Stlth  ..........               (no ring)
                                (no ring)

@: not resistant to hostile enchantments, extremely unstealthy
A: retaliatory headbutt, horns 2
a: no special abilities


You were on level 3 of the Dungeon.
You were not hungry.

You visited 1 branch of the dungeon, and saw 3 of its levels.

You collected 130 gold pieces.

Inventory:

Hand Weapons
 a - a +0 long sword (weapon)
Armour
 b - a +0 scale mail (worn)
 c - a +0 shield (worn)
Scrolls
 e - 3 scrolls of identify {unknown}
 i - a scroll of noise {unknown}
 n - 3 scrolls of remove curse {unknown}
 o - 2 scrolls of teleportation {unknown}
Potions
 d - a potion of might
 h - 4 potions of curing {unknown}
 j - 2 potions of flight {unknown}
 k - a potion of lignification {unknown}
 l - a potion of agility {unknown}
 p - a potion of haste {unknown}
Comestibles
 f - 4 bread rations
 g - a meat ration
 m - a beef jerky
 q - 2 chunks of flesh


   Skills:
 * Level 4.9 Fighting
 + Level 3.3 Long Blades
 + Level 4.3 Armour
 - Level 3.6 Shields


You had 3 spell levels left.
You didn't know any spells.

Dungeon Overview and Level Annotations

Branches:
Dungeon (3/15)

Altars:
Ashenzari

Annotations:
D:3 Sigmund


Innate Abilities, Weirdness & Mutations

You reflexively headbutt those who attack you in melee.
You have a pair of horns on your head.


Message History

Something hits you but does no damage.
You barely miss something. You closely miss something. You headbutt something!
Something hits you.
You hit something. Something hits you but does no damage.
You barely miss something. Something hits you but does no damage.
You miss something. Something hits you!
You closely miss something. Something hits you.
Your shield and scale mail prevent you from hitting something.
You closely miss something. You block something's attack.
You closely miss something. Something hits you but does no damage.
You slash something! Your headbutt misses something. Something hits you!
You completely miss something. Your headbutt misses something.
Something hits you.
* * * LOW HITPOINT WARNING * * *
You completely miss something.
You hear some strange, mumbled words.
A puff of flame appears from out of thin air!
The puff of flame misses you.
You miss something. Something hits you!
You die...

############
#..†@{......
#.##########
#.# #.#
####.#
#....#
#.#### #...#
###.#


There were no monsters in sight!

Vanquished Creatures
  An adder (D:3)
  3 dart slugs
  A ball python (D:1)
  3 giant cockroaches
  11 goblins
  7 hobgoblins
  4 kobolds
  7 bats
  2 giant newts
  10 rats
49 creatures vanquished.

Notes
Turn   | Place    | Note
--------------------------------------------------------------
     0 | D:1      | Heskey the Minotaur Fighter began the quest for the Orb.
     0 | D:1      | Reached XP level 1. HP: 19/19 MP: 0/0
    77 | D:1      | Reached XP level 2. HP: 27/27 MP: 1/1
   762 | D:2      | Reached XP level 3. HP: 31/34 MP: 2/2
   802 | D:2      | Found a shattered altar of Ashenzari.
  1497 | D:3      | Noticed Sigmund
  1499 | D:3      | Reached XP level 4. HP: 41/41 MP: 3/3
  1515 | D:3      | Slain by Sigmund

Skill      XL: |  1  2  3 |
---------------+----------+-----
Fighting       | 4 |  4.9
Armour         | 4 |  4.3
Long Blades    | 3 |  3.3
Shields        | |  3.6

Action                   |  1- 3 |  4- 6 || total
-------------------------+-------+-------++-------
Melee: Long sword        |   127 |    14 ||   141
       Headbutt          |    11 |     1 ||    12
  Eat: Chunk             |     2 |       ||     2
Armor: Scale mail        |    44 |     4 ||    48
Dodge: Dodged            |    32 |     1 ||    33
Block: Shield            |    67 |     1 ||    68
